General information
- name: BNet
- type: Ladder 1vs1/FFA
- host: Battle.net
- saver: boli
map: TidewaterGlades
- players: 2
- length: 09:25
- speed: Fast
- version: 1.24 W3XP
- replay type: Public
» download(37 KB)
Players
team 1 (winner)

»
boli (
yellow | 207 APM | 1947 actions | 09:25)
4 Death Knight
2 Death Coil
2 Unholy Aura
1 Lich
1 Frost Nova
» actions
| Assign group hotkey | 14 | |
| Basic commands | 60 | |
| Build / train | 43 | |
| ESC pressed | 1 | |
| Enter build submenu | 10 | |
| Enter hero's abilities submenu | 5 | |
| Give item / drop item | 2 | |
| Right click | 809 | |
| Select / deselect | 273 | |
| Select group hotkey | 694 | |
| Use ability | 36 | |
1947 total
» units
| Acolyte | 3 | |
| Ghoul | 3 | |
| Crypt Fiend | 11 | |
17 total
» upgrades
| Creature Attack | 2 | |
| Burrow | 1 | |
| Creature Carapace | 1 | |
4 total
» buildings
| Graveyard | 1 | |
| Crypt | 1 | |
| Altar of Darkness | 1 | |
| Ziggurat | 4 | |
| Tomb of Relics | 1 | |
| Halls of the Dead | 2 | |
| Slaughterhouse | 1 | |
| Black Citadel | 1 | |
12 total
» build order
00:05 Graveyard
00:09 Crypt
00:51 Altar of Darkness
00:59 Ziggurat
01:41 Tomb of Relics
01:58 Ziggurat
03:33 Ziggurat
04:49 Halls of the Dead
04:50 Halls of the Dead
04:52 Ziggurat
07:46 Slaughterhouse
08:44 Black Citadel
» items
| Rod of Necromancy | 3 | |
| Boots of Speed | 4 | |
7 total
team 2 (loser)

»
guty328 (
purple | 58 APM | 542 actions | 09:24)
2 Archmage
1 Summon Water Elemental
1 Brilliance Aura
» actions
| Assign group hotkey | 20 | |
| Basic commands | 31 | |
| Build / train | 37 | |
| Enter build submenu | 16 | |
| Enter hero's abilities submenu | 2 | |
| Right click | 161 | |
| Select / deselect | 140 | |
| Select group hotkey | 87 | |
| Use ability | 48 | |
542 total
» units
| Peasant | 7 | |
| Footman | 5 | |
| Rifleman | 9 | |
21 total
» upgrades
» buildings
| Altar of Kings | 1 | |
| Farm | 7 | |
| Barracks | 1 | |
| Scout Tower | 3 | |
| Lumber Mill | 1 | |
| Blacksmith | 1 | |
| Guard Tower | 3 | |
| Arcane Vault | 1 | |
| Keep | 3 | |
21 total
» build order
00:09 Altar of Kings
00:15 Farm
00:51 Barracks
00:55 Farm
01:29 Scout Tower
01:54 Farm
02:07 Lumber Mill
02:36 Farm
02:51 Blacksmith
03:15 Guard Tower
03:17 Arcane Vault
03:55 Keep
03:55 Keep
03:56 Keep
04:14 Farm
04:17 Farm
05:02 Farm
06:34 Scout Tower
07:12 Scout Tower
07:42 Guard Tower
07:42 Guard Tower
Chat log
(00:23 / All) guty328: hi
(00:26 / All) boli: hi
(00:29 / All) guty328: from
(00:33 / All) boli: usd
(00:39 / All) guty328: ?
(09:17 / All) guty328: gey